 Dungeon Crawl Stone Soup version 0.20-a0-513-g02c11fc (webtiles) character file.

182 polly the Skirmisher (level 5, 0/47 HPs)
             Began as a Minotaur Fighter on Jan 23, 2017.
             Slain by a goblin
             ... wielding a +0 dagger
             ... led by Robin
              (3 damage)
             ... on level 3 of the Dungeon.
             The game lasted 00:04:24 (2039 turns).

polly the Skirmisher (Minotaur Fighter)             Turns: 2039, Time: 00:04:24

Health: 0/47       AC:  1    Str: 27    XL:     5   Next: 34%
Magic:  4/4        EV:  9    Int:  5    God:
Gold:   122        SH: 10    Dex:  9    Spells: 4/4 levels left

rFire    . . .     SeeInvis .   a - +0 war axe
rCold    . . .     Gourm    .   (no armour)
rNeg     . . .     Faith    .   c - +0 shield
rPois    .         Spirit   .   (helmet restricted)
rElec    .         Reflect  .   m - +0 cloak
rCorr    .         Harm     .   (no gloves)
MR       .....                  (no boots)
Stlth    +.........             (no amulet)
Regen    0.2/turn               (no ring)
                                (no ring)

@: mighty
A: retaliatory headbutt, horns 2
a: no special abilities


You were on level 3 of the Dungeon.
You were not hungry.

You visited 1 branch of the dungeon, and saw 3 of its levels.

You collected 122 gold pieces.

Inventory:

Hand Weapons
 a - a +0 war axe (weapon)
 p - a +4 quarterstaff of chaos
Armour
 c - a +0 shield (worn)
 e - a +0 plate armour
 m - a +0 cloak (worn)
Scrolls
 b - a scroll of blinking {unknown}
 g - 5 scrolls of teleportation {unknown}
 h - 2 scrolls of identify {unknown}
 j - 2 scrolls of remove curse {unknown}
 k - a scroll of fear {unknown}
 n - 2 scrolls of enchant weapon {unknown}
 q - a scroll of enchant armour {unknown}
 s - a scroll of random uselessness {unknown}
 u - a scroll of amnesia {unknown}
Potions
 i - a potion of magic {unknown}
 o - 2 potions of lignification {unknown}
 r - a potion of curing {unknown}
Comestibles
 f - 3 bread rations
 l - 2 royal jellies
 t - a meat ration


   Skills:
 * Level 4.8 Fighting
 - Level 4.6 Axes
 * Level 0.5 Staves
 + Level 4.3 Armour
 + Level 4.4 Shields


You had 4 spell levels left.
You didn't know any spells.

Dungeon Overview and Level Annotations

Branches:
Dungeon (3/15)

Altars:
Dithmenos
Nemelex Xobeh
Qazlal
Uskayaw

Annotations:
D:3 Robin


Innate Abilities, Weirdness & Mutations

You reflexively headbutt those who attack you in melee.
You have a pair of horns on your head.


Message History

* * * LOW HITPOINT WARNING * * *
The goblin closely misses you. The giant cockroach closely misses you.
The goblin hits you.
* * * LOW HITPOINT WARNING * * *
You closely miss the goblin. Your headbutt misses the goblin.
You hit the goblin.
Your shield prevents you from hitting the bat.
You slash the goblin!
You kill the goblin!
You hit the giant cockroach.
You kill the giant cockroach!
You slash the goblin!
You kill the goblin!
The bat hits you.
* * * LOW HITPOINT WARNING * * *
The bat hits you but does no damage. Robin throws the goblin at you!
The goblin hits you.
* * * LOW HITPOINT WARNING * * *
The goblin closely misses you. The goblin hits you with a dagger.
You die...

.................#
.....######.......
#....# #....... .....#
#......% #...# #.....[.
#...######.†..... .
#...#............
....####g..#............
......b@g.%.............
.....gggg....####...[...
.....g.g.....# #.......
%............# #.......
####.........# #.......
#.........# #######
#.........# #..?......#
##########


You could see Robin, 2 hobgoblins, 5 goblins and a bat.

Vanquished Creatures
  Crazy Yiuf (D:2)
  Jessica (D:2)
  5 adders
  An adder skeleton (D:3)
  3 worms (D:2)
  A dart slug (D:1)
  A leopard gecko (D:3)
  2 ball pythons
  11 bats
  6 giant cockroaches
  11 goblins
  7 hobgoblins
  6 kobolds
  A quokka (D:2)
  3 frilled lizards
  7 rats
67 creatures vanquished.

Notes
Turn   | Place    | Note
-------+----------+-------------------------------------------
     0 | D:1      | polly the Minotaur Fighter began the quest for the Orb.
     0 | D:1      | Reached XP level 1. HP: 19/19 MP: 0/0
   102 | D:1      | Reached XP level 2. HP: 26/27 MP: 1/1
   781 | D:1      | Reached XP level 3. HP: 33/33 MP: 2/2
  1098 | D:2      | Noticed Jessica
  1103 | D:2      | Found a hide-covered altar of Uskayaw.
  1110 | D:2      | Killed Jessica
  1110 | D:2      | Reached XP level 4. HP: 38/41 MP: 3/3
  1442 | D:2      | Found a runed door.
  1446 | D:2      | Noticed Crazy Yiuf
  1452 | D:2      | Killed Crazy Yiuf
  1452 | D:2      | Reached XP level 5. HP: 39/47 MP: 4/4
  1542 | D:2      | Found a shadowy altar of Dithmenos.
  1554 | D:2      | Found a sparkling altar of Nemelex Xobeh.
  1557 | D:2      | Found a stormy altar of Qazlal.
  2029 | D:3      | Noticed Robin
  2039 | D:3      | Slain by a goblin

Vault maps used:
D:1:      elethiomel_arrival_maze
D:2:      grunt_temple_overflow_cloverleaf, minmay_door_square,
          chequers_big_river, roderic_roman_lattice, uniq_jessica,
          uniq_crazy_yiuf_cottage
D:3:      lemuel_crystal_altar, first_bread, uniq_robin

Skill      XL: |  1  2  3  4 |
---------------+-------------+-----
Fighting       | 4 |  4.8
Shields        | 4 |  4.4
Armour         | 4 |  4.3
Axes           | 3 4 |  4.6
Staves         | |  0.5

Action                   |  1- 3 |  4- 6 || total
-------------------------+-------+-------++-------
Melee: War axe           |    67 |    85 ||   152
       Headbutt          |    14 |    13 ||    27
  Use: Potion            |       |     1 ||     1
  Eat: Chunk             |       |     4 ||     4
Armor: Plate armour      |    46 |    65 ||   111
       Scale mail        |     2 |       ||     2
       Skin              |       |     4 ||     4
Dodge: Dodged            |     8 |    16 ||    24
Block: Shield            |    41 |    49 ||    90
